[Event "Team 45 45 League T33"]
[Site "Internet Chess Club"]
[Date "2007.05.30"]
[Round "6"]
[White "Changuito-77"]
[Black "PaulKaspar"]
[Result "1-0"]
[WhiteElo "1801"]
[BlackElo "1858"]
[ECO "D05"]
[TimeControl "2700+45"]

1. d4 d5 2. Nf3 Nf6 3. e3 e6 4. Bd3 c5 5. b3 Nc6 6. Bb2 cxd4 7. exd4 Bb4+ 8. c3
Be7 9. Nbd2 a6 10. c4 Bb4 11. O-O Qa5 12. Nb1 O-O 13. a3 Be7 14. b4 Qc7 15. c5
Bd7 16. Nbd2 Ne8 17. Ne5 f5 18. f4 Nf6 19. Qe2 Nxe5 20. fxe5 Ne4 21. Nf3 Qc6 22.
Rac1 Be8 23. Qc2 Bh5 24. Bc3 Rac8 25. Nd2 Bg5 26. Rce1 Bh4 27. Ra1 Ra8 28. Nb3
Rfc8 29. Be1 Bxe1 30. Rfxe1 b6 31. Reb1 bxc5 32. Nxc5 Nxc5 33. bxc5 Rab8 34. a4
Rxb1+ 35. Rxb1 a5 36. Rb6 Qd7 37. Bb5 Qe7 38. Ra6 Qh4 39. Qf2 Qg5 40. h3 Qc1+
41. Kh2 Bf7 42. Rxa5 Rb8 43. Ra6 g5 44. Rb6 Rd8 45. a5 Be8 46. Bxe8 Rxe8 47. a6
f4 48. Qb2 Qe1 49. Rb3 g4 50. hxg4 Kg7 51. Qb1 Qf2 52. Rb7+ Kf8 53. Rxh7 Qg3+
54. Kh1 Qxg4 55. Rh8+ {Black resigns} 1-0

[Event "Team 45 45 League T33"]
[Site "Internet Chess Club"]
[Date "2007.05.27"]
[Round "6"]
[White "viking99"]
[Black "rss"]
[Result "1-0"]
[WhiteElo "1858"]
[BlackElo "1793"]
[ECO "C02"]
[TimeControl "2700+45"]

1. e4 e6 2. d4 d5 3. e5 c5 4. c3 Nc6 5. f4 cxd4 6. cxd4 Bb4+ 7. Bd2 Qb6 8. Nf3
Nxd4 9. Nxd4 Qxd4 10. Qa4+ Bd7 11. Qxb4 {Black resigns} 1-0

[Event "Team 45 45 League T33"]
[Site "Internet Chess Club"]
[Date "2007.05.29"]
[Round "6"]
[White "Ghashgork"]
[Black "JeCrainsDegun"]
[Result "0-1"]
[WhiteElo "1690"]
[BlackElo "1645"]
[ECO "C47"]
[TimeControl "2700+45"]

1. e4 e5 2. Nf3 Nc6 3. Nc3 Nf6 4. d4 exd4 5. Nxd4 Bb4 6. Bg5 Qe7 7. f3 d5 8.
Nxc6 bxc6 9. Qd4 c5 10. Bxf6 cxd4 11. Bxe7 Kxe7 12. a3 dxc3 13. axb4 cxb2 14.
Rb1 dxe4 15. fxe4 Bb7 16. Bd3 Rhe8 17. Kf2 Kf8 18. Rhe1 a5 19. bxa5 Rxa5 20.
Rxb2 Ba6 21. Bxa6 Rxa6 22. Rb4 Rc6 23. c4 Rc5 24. Ke3 Rce5 25. Kd4 c5+ 26. Kc3
cxb4+ 27. Kxb4 Rxe4 28. Rxe4 Rxe4 29. Kc5 Re2 30. Kd6 Rxg2 31. c5 Rxh2 32. c6
Rc2 33. c7 h5 34. Kd7 h4 35. c8=N Rxc8 36. Kxc8 h3 37. Kd7 h2 38. Kd6 h1=Q 39.
Kc5 Qd1 40. Kc6 g5 41. Kc5 g4 42. Kc6 g3 43. Kc5 g2 44. Kc6 g1=Q 45. Kb5 Qg2 46.
Kc4 Qgc2+ 47. Kb4 Qdb1+ 48. Ka3 Qca2# {White checkmated} 0-1

[Event "Team 45 45 League T33"]
[Site "Internet Chess Club"]
[Date "2007.05.25"]
[Round "6"]
[White "Duguesclin"]
[Black "joshtournman"]
[Result "0-1"]
[WhiteElo "1664"]
[BlackElo "1548"]
[ECO "D30"]
[TimeControl "2700+45"]

1. d4 d5 2. c4 e6 3. Nf3 Nc6 4. a3 Nf6 5. Nc3 b6 6. e3 Ba6 7. Qa4 Bb7 8. Ne5 Qd6
9. b4 Nd7 10. Nb5 Qe7 11. Nxc7+ Kd8 12. Nxc6+ Bxc6 13. Qxc6 Rc8 14. Nxe6+ fxe6
15. Qb5 Nf6 16. Bb2 Qc7 17. c5 bxc5 18. dxc5 a5 19. Rc1 axb4 20. axb4 Rb8 21.
Qa4 Qb7 22. b5 Ra8 23. Qb3 Ne4 24. c6 Qb6 25. Bc3 Ra3 26. Qb2 Nxc3 27. Rxc3 Qa5
28. c7+ Kc8 29. b6 Qxc3+ 30. Qxc3 Rxc3 31. Ba6+ Kd7 32. O-O Bd6 33. Rb1 Bxc7 34.
bxc7 Rxc7 35. h4 Ra8 36. Bb5+ Kd6 37. Bd3 g6 38. h5 gxh5 39. g3 e5 40. Be2 Ra2
41. Bxh5 Rcc2 42. Rb6+ Kc5 43. Rf6 d4 44. exd4+ exd4 45. Rf5+ Kc4 46. Bf7+ Kc3
47. Bxa2 Rxa2 48. Rc5+ Kd2 49. Rc7 Ke2 50. Re7+ Kd2 51. Rxh7 d3 52. Rc7 Ke1 53.
Re7+ Kd1 54. Kf1 d2 55. Rd7 Kc1 56. f4 d1=Q+ 57. Rxd1+ Kxd1 58. f5 Ra5 59. g4
Ra4 60. Kf2 Rxg4 61. Kf3 Rb4 62. f6 Rb6 {White resigns} 0-1

[Event "Team 45 45 League T33"]
[Site "Internet Chess Club"]
[Date "2007.05.27"]
[Round "6"]
[White "kostasgr"]
[Black "corsair"]
[Result "1-0"]
[WhiteElo "2125"]
[BlackElo "1705"]
[ECO "C22"]
[TimeControl "2700+45"]

1. e4 e5 2. d4 exd4 3. Qxd4 Nc6 4. Qe3 Bb4+ 5. Nc3 Nge7 6. Bd2 O-O 7. O-O-O d6
8. f4 f5 9. Bc4+ Kh8 10. Nf3 h6 11. a3 Bc5 12. Qe1 Nd4 13. Qh4 Nxf3 14. gxf3 Ng6
15. Qg3 Qe8 16. Nd5 Bb6 17. Rhg1 Kh7 18. h4 Rf7 {Black resigns} 1-0

[Event "Team 45 45 League T33"]
[Site "Internet Chess Club"]
[Date "2007.05.26"]
[Round "6"]
[White "lw"]
[Black "ElmerHo"]
[Result "0-1"]
[WhiteElo "1479"]
[BlackElo "1686"]
[ECO "C28"]
[TimeControl "2700+45"]

1. e4 e5 2. Bc4 Nf6 3. Nc3 Nc6 4. Nf3 Nxe4 5. Nxe4 d5 6. Bxd5 Qxd5 7. d3 Bg4 8.
Nc3 Qd7 9. Bg5 f6 10. Bh4 Bb4 11. O-O Nd4 12. Ne4 Nxf3+ 13. gxf3 Bh3 14. c3 Bxf1
15. Qxf1 Be7 16. Rd1 O-O-O 17. Qg2 g5 {White resigns} 0-1

[Event "Team 45 45 League T33"]
[Site "Internet Chess Club"]
[Date "2007.05.26"]
[Round "6"]
[White "AntonioMendonca"]
[Black "chesskix"]
[Result "1-0"]
[WhiteElo "1633"]
[BlackElo "1532"]
[ECO "A25"]
[TimeControl "2700+45"]

1. c4 e5 2. Nc3 Nc6 3. g3 Nf6 4. Bg2 Bc5 5. Nf3 O-O 6. O-O d6 7. d3 Bf5 8. Nh4
Be6 9. Bg5 Rb8 10. Bxf6 Qxf6 11. Ne4 Qh6 12. Nxc5 dxc5 13. Qa4 Bd7 14. Qa3 b6
15. Bxc6 Bxc6 16. Nf5 Qf6 17. Ne3 a5 18. Qc3 Rfe8 19. Nd5 Qd6 20. e4 Bd7 21. f4
Bh3 22. Rf2 c6 23. Ne3 exf4 24. Rxf4 Qd4 25. Qd2 Rbd8 26. Rd1 g5 27. Rf2 Re5 28.
Qe2 g4 29. Nxg4 Bxg4 30. Qxg4+ Kh8 31. Kg2 h5 32. Qf4 f5 33. Qh6+ Kg8 34. Qg6+
Kh8 35. Qxh5+ Kg8 36. Qg6+ Kh8 37. Rf4 Qxb2+ 38. Kh3 {Black resigns} 1-0